 Dungeon Crawl Stone Soup version 0.26-a0-708-g17f3b190f9 (webtiles) character file.

Game seed: 3036389388895269668

147 Kinoniko the Grasshopper (level 5, -1/43 HPs)
             Began as a Gnoll Warper on Oct 28, 2020.
             Blown up by Ijyb (14 damage)
             ... with a disintegration bolt
             ... on level 3 of the Dungeon.
             The game lasted 00:02:40 (2434 turns).

Kinoniko the Grasshopper (Gnoll Warper)             Turns: 2434, Time: 00:02:41

Health: -1/43      AC:  4    Str: 15    XL:     5   Next: 29%
Magic:  12/12      EV: 14    Int: 15    God:
Gold:   210        SH:  0    Dex: 14    Spells: 12/14 levels left

rFire    . . .     SeeInvis .   a - +0 falchion
rCold    . . .     Faith    .   (no shield)
rNeg     . . .     Spirit   .   b - +0 leather armour
rPois    .         Reflect  .   (no helmet)
rElec    .         Harm     .   (no cloak)
rCorr    .         Rampage  .   k - +0 pair of gloves
MR       .....                  (no boots)
Stlth    ++........             (no amulet)
HPRegen  0.14/turn              (no ring)
MPRegen  0.13/turn              (no ring)

@: no status effects
A: distributed training, fangs 1, strong nose
a: no special abilities


You were on level 3 of the Dungeon.
You visited 1 branch of the dungeon, and saw 3 of its levels.

You collected 210 gold pieces.

Inventory:

Hand Weapons
 a - a +0 falchion (weapon)
Missiles
 e - 5 boomerangs of dispersal (quivered)
Armour
 b - a +0 leather armour (worn)
 k - a +0 pair of gloves (worn)
Jewellery
 o - an uncursed ring of positive energy {unknown}
Scrolls
 d - a scroll of blinking
 f - 3 scrolls of fog {unknown}
 i - 2 scrolls of remove curse {unknown}
 j - 2 scrolls of teleportation {unknown}
 l - 3 scrolls of identify {unknown}
 n - a scroll of fear {unknown}
Potions
 c - 2 potions of heal wounds {unknown}
 g - a potion of flight {unknown}
 h - a potion of ambrosia {unknown}
 m - a potion of brilliance {unknown}


   Skills:
 + Level 4.7 Fighting
 + Level 1.4 Short Blades
 + Level 4.7 Long Blades
 + Level 1.4 Axes
 + Level 1.4 Maces & Flails
 + Level 1.4 Polearms
 + Level 1.4 Staves
 + Level 1.4 Slings
 + Level 1.4 Bows
 + Level 1.4 Crossbows
 + Level 2.9 Throwing
 + Level 2.9 Armour
 + Level 4.7 Dodging
 + Level 1.4 Stealth
 + Level 1.4 Shields
 + Level 1.4 Unarmed Combat
 + Level 5.2 Spellcasting
 + Level 1.1 Conjurations
 + Level 1.1 Hexes
 + Level 1.1 Summonings
 + Level 1.1 Necromancy
 + Level 5.5 Translocations
 + Level 1.1 Transmutations
 + Level 1.1 Fire Magic
 + Level 1.1 Ice Magic
 + Level 1.1 Air Magic
 + Level 1.1 Earth Magic
 + Level 1.1 Poison Magic
 + Level 1.6 Invocations
 + Level 1.4 Evocations


You had 12 spell levels left.
You knew the following spells:

 Your Spells              Type           Power        Failure   Level
a - Blink                 Tloc           N/A          3%          2

Your spell library contained the following spells:

 Spells                   Type           Power        Failure   Level
 Gell's Gravitas          Tloc           ###.......   6%          3
 Lesser Beckoning         Tloc           ###.......   6%          3
 Teleport Other           Tloc           ###.....     6%          3
 Passage of Golubria      Tloc           N/A          21%         4


Dungeon Overview and Level Annotations

Branches:
Dungeon (3/15)

Altars:
Ru
Trog

Annotations:
D:3 Ijyb


Innate Abilities, Weirdness & Mutations

Your experience applies equally to all skills.
You have very sharp teeth.
Your uncanny sense of smell can sniff out nearby items.


Message History

You are too injured to fight recklessly!
You are too injured to fight recklessly!
You are too injured to fight recklessly!
You are too injured to fight recklessly!
You hit Ijyb.
Ijyb is lightly wounded.
Ijyb barely misses you.
You riposte.
You hit Ijyb.
Ijyb is moderately wounded.
You hit Ijyb but do no damage.
Ijyb is moderately wounded.
Ijyb completely misses you.
You riposte.
You closely miss Ijyb.
Ijyb is moderately wounded.
You closely miss Ijyb.
Ijyb is moderately wounded.
Ijyb misses you.
You riposte.
You completely miss Ijyb.
Ijyb is moderately wounded.
You hit Ijyb. You bite Ijyb, but do no damage.
Ijyb is moderately wounded.
Ijyb zaps a wand.
You are blasted!
You die...

......... ........#
........# ........#
......... ........#
.......†###
........+.......@..#
........#......g.#.#
........+..#.#####.#
........##.#.# #.#
........##.#.#
#.########
........##.#.#
#........#
........##.#.#
########.#
.............# #.#
.............# #.#


You could see Ijyb.

Vanquished Creatures
  A centaur skeleton (D:2)
  Jessica (D:3)
  An adder (D:2)
  2 worms
  2 dart slugs (D:2)
  2 leopard geckos
  An orc (D:3)
  A ball python (D:2)
  5 bats
  7 giant cockroaches
  8 goblins
  8 hobgoblins
  6 jackals
  2 quokkas
  2 frilled lizards
  9 kobolds
  7 rats
65 creatures vanquished.

Notes
Turn   | Place    | Note
-------+----------+-------------------------------------------
     0 | D:1      | Kinoniko the Gnoll Warper began the quest for the Orb.
     0 | D:1      | Reached XP level 1. HP: 20/20 MP: 6/6
   306 | D:1      | Reached XP level 2. HP: 26/26 MP: 7/7
   772 | D:1      | Learned a level 2 spell: Blink
   833 | D:2      | Reached XP level 3. HP: 27/31 MP: 9/9
   838 | D:2      | Reached skill level 1 in Short Blades
   838 | D:2      | Reached skill level 1 in Axes
   838 | D:2      | Reached skill level 1 in Maces & Flails
   838 | D:2      | Reached skill level 1 in Polearms
   838 | D:2      | Reached skill level 1 in Staves
   838 | D:2      | Reached skill level 1 in Slings
   838 | D:2      | Reached skill level 1 in Bows
   838 | D:2      | Reached skill level 1 in Crossbows
   838 | D:2      | Reached skill level 1 in Stealth
   838 | D:2      | Reached skill level 1 in Shields
   838 | D:2      | Reached skill level 1 in Unarmed Combat
   838 | D:2      | Reached skill level 5 in Spellcasting
   838 | D:2      | Reached skill level 1 in Invocations
   838 | D:2      | Reached skill level 1 in Evocations
  1047 | D:2      | Reached XP level 4. HP: 38/38 MP: 11/11
  1482 | D:2      | Reached skill level 1 in Conjurations
  1482 | D:2      | Reached skill level 1 in Hexes
  1482 | D:2      | Reached skill level 1 in Summonings
  1482 | D:2      | Reached skill level 1 in Necromancy
  1482 | D:2      | Reached skill level 1 in Transmutations
  1482 | D:2      | Reached skill level 1 in Fire Magic
  1482 | D:2      | Reached skill level 1 in Ice Magic
  1482 | D:2      | Reached skill level 1 in Air Magic
  1482 | D:2      | Reached skill level 1 in Earth Magic
  1482 | D:2      | Reached skill level 1 in Poison Magic
  1805 | D:2      | Found a bloodstained altar of Trog.
  1887 | D:2      | Found a sacrificial altar of Ru.
  2000 | D:3      | Found a faded altar of an unknown god.
  2059 | D:3      | Noticed Jessica
  2071 | D:3      | Killed Jessica
  2071 | D:3      | Reached XP level 5. HP: 33/43 MP: 12/12
  2426 | D:3      | Noticed Ijyb
  2434 | D:3      | Blown up by Ijyb

Illustrated notes

Levels and vault maps discovered:
D:1:      grunt_arrival_crossed_arrows, layout_basic
D:2:      minmay_skewed_foursquare, layout_basic, lightli_temple_of_fire,
          hex_intersection, nicolae_ru_the_path_less_chosen
D:3:      layout_basic, chequers_ecumenical_altar_simple_redux, uniq_jessica,
          uniq_ijyb

Skill      XL: |  1  2  3  4 |
---------------+-------------+-----
Short Blades   | 1 |  1.4
Axes           | 1 |  1.4
Maces & Flails | 1 |  1.4
Polearms       | 1 |  1.4
Staves         | 1 |  1.4
Slings         | 1 |  1.4
Bows           | 1 |  1.4
Crossbows      | 1 |  1.4
Stealth        | 1 |  1.4
Shields        | 1 |  1.4
Unarmed Combat | 1 |  1.4
Spellcasting   | 5 |  5.2
Invocations    | 1 |  1.6
Evocations     | 1 |  1.4
Conjurations   | 1 |  1.1
Hexes          | 1 |  1.1
Summonings     | 1 |  1.1
Necromancy     | 1 |  1.1
Transmutations | 1 |  1.1
Fire Magic     | 1 |  1.1
Ice Magic      | 1 |  1.1
Air Magic      | 1 |  1.1
Earth Magic    | 1 |  1.1
Poison Magic   | 1 |  1.1
Fighting       | |  4.7
Long Blades    | |  4.7
Throwing       | |  2.9
Armour         | |  2.9
Dodging        | |  4.7
Translocations | |  5.5

Action                   |  1- 3 |  4- 6 || total
-------------------------+-------+-------++-------
Melee: Falchion          |    72 |   107 ||   179
       Bite              |     7 |    11 ||    18
       Punch             |     1 |     3 ||     4
 Stab: Sleeping          |       |     4 ||     4
Armor: Leather armour    |    25 |    18 ||    43
Dodge: Dodged            |    66 |    87 ||   153
       Rpst.: Falchion   |    23 |    32 ||    55

Table legend: (Time is in decaauts)
 A = Elapsed time spent in this place.
 B = Non-inter-level travel time spent in this place.
 C = Inter-level travel time spent in this place.
 D = Time resting spent in this place.
 E = Time spent auto-exploring this place.
 F = Levels seen in this place.
 G = Mean time per level.
                   A        B        C        D        E       F      G
               +--------+--------+--------+--------+--------+-----+--------+
         Total |   2446 |   2398 |     48 |    305 |   1686 |   3 |  815.3 |
       Dungeon |   2446 |   2398 |     48 |    305 |   1686 |   3 |  815.3 |
               +--------+--------+--------+--------+--------+-----+--------+

Top non-repeatable levels by time:
     D:2: 1220 daAuts
     D:1: 789 daAuts
     D:3: 436 daAuts
